 Dungeon Crawl Stone Soup version 0.27.1-34-g3ba077fa99 (webtiles) character file.

Game seed: 89822778597834786

1085 mcbry74 the Basher (level 8, -3/111 HPs)
             Began as a Troll Berserker on Jan 26, 2022.
             Was a Priest of Trog.
             Engulfed by a steam dragon's steam (6 damage)
             ... on level 5 of the Dungeon.
             The game lasted 00:11:15 (3144 turns).

mcbry74 the Basher (Troll Berserker)                Turns: 3144, Time: 00:11:16

Health: -3/111     AC:  4    Str: 27    XL:     8   Next: 9%
Magic:  7/7        EV: 14    Int:  4    God:    Trog [***...]
Gold:   184        SH:  5    Dex:  9    Spells: 7/7 levels left

rFire    . . .     SeeInvis .   a - +0 mace
rCold    . . .     Faith    .   (no shield)
rNeg     . . .     Spirit   .   b - +0 animal skin
rPois    .         Reflect  +   (helmet restricted)
rElec    .         Harm     .   (no cloak)
rCorr    .         Rampage  .   (gloves unavailable)
Will     .....                  (boots unavailable)
Stlth    ..........             g - amulet of reflection
HPRegen  1.28/turn              r - +4 ring of evasion
MPRegen  0.10/turn              (no ring)

@: berserking (expiring), very quick
A: large, unfitting armour, claws 3, regeneration 1, shaggy fur 1, tough skin 1
a: Renounce Religion, Berserk, Trog's Hand


You were on level 5 of the Dungeon.
You worshipped Trog.
Trog was most pleased with you.
You visited 1 branch of the dungeon, and saw 5 of its levels.

You collected 184 gold pieces.

Inventory:

Hand Weapons
 a - a +0 mace (weapon)
 s - a +0 giant spiked club
Missiles
 h - 151 stones
 j - 45 sling bullets
 p - 4 large rocks (quivered)
 q - 14 boomerangs
 v - 5 poisoned darts
Armour
 b - a +0 animal skin (worn)
 l - a scarf of repulsion
Jewellery
 g - an amulet of reflection (around neck)
 r - a +4 ring of evasion (left claw)
Wands
 u - a wand of polymorph (10)
Scrolls
 c - a scroll of amnesia {unknown}
 i - 4 scrolls of teleportation {unknown}
 m - a scroll of blinking {unknown}
 t - 2 scrolls of identify {unknown}
 w - a scroll of immolation {unknown}
 x - a scroll of enchant weapon {unknown}
 y - a scroll of vulnerability {unknown}
Potions
 d - a potion of brilliance {unknown}
 e - a potion of ambrosia {unknown}
 f - a potion of degeneration {unknown}
 k - 2 potions of heal wounds {unknown}
 n - 3 potions of curing {unknown}
 o - a potion of flight {unknown}


   Skills:
 - Level 2.4 Fighting
 + Level 9.2 Maces & Flails
 - Level 2.4 Dodging


You had 7 spell levels left.
You didn't know any spells.
Your spell library was empty.

Dungeon Overview and Level Annotations

Branches:
Dungeon (5/15)             Temple (0/1) D:4

Altars:
Elyvilon


Innate Abilities, Weirdness & Mutations

You are too large for most types of armour.
You have claws for hands.
Your natural rate of healing is unusually fast.
You are covered in fur. (AC +1)
You have tough skin. (AC +1)


Message History

You closely miss the steam dragon.
The steam dragon is severely wounded.
You sock the steam dragon!
The steam dragon is almost dead.
The steam dragon bites you!
* * * LOW HITPOINT WARNING * * *
You block the steam dragon's attack. The steam dragon closely misses you. x2
You barely miss the steam dragon.
The steam dragon is almost dead.
The steam dragon barely misses you. The steam dragon closely misses you.
You closely miss the steam dragon.
The steam dragon is almost dead.
You block the steam dragon's attack. The steam dragon claws you.
* * * LOW HITPOINT WARNING * * *
You barely miss the steam dragon.
The steam dragon is almost dead.
The steam dragon breathes steam at you. The ball of steam misses you.
The steam dragon breathes steam at you. The ball of steam misses you.
Okay, then.
You sock the steam dragon!
You kill the steam dragon!
Trog accepts your kill.
You are engulfed in a cloud of scalding steam.
Your Maces & Flails skill increases to level 9!
You have reached level 8!
The steam dragon bites you.
* * * LOW HITPOINT WARNING * * *
The steam dragon barely misses you.
You hit the steam dragon.
The steam dragon is lightly wounded.
You closely miss the steam dragon.
The steam dragon is lightly wounded.
The steam dragon breathes steam at you. The ball of steam misses you.
You barely miss the steam dragon.
The steam dragon is lightly wounded.
You are engulfed in a cloud of scalding steam.
You die...

............#†...##...##
#...............#......
##...>.................
.#.............[.......#
.?..................####
#................#
#.D..............# #
##.##.##..).....[.#..####
.......D@§#....####......
........########.≈.....#.
######### P.≈P≈....###
..........## P^..P.......
≈PP^P....... ##P.≈.....).
#####...... .....


You could see a steam dragon (catching breath).

Vanquished Creatures
  Eustachio (D:5)
  2 steam dragons
  An ice beast (D:4)
  An ogre (D:4)
  A bullfrog (D:3)
  2 scorpions (D:4)
  A jelly (D:5)
  A centaur skeleton (D:5)
  4 iguanas
  A hound skeleton (D:4)
  9 adders
  A worm (D:5)
  5 orcs
  6 bats
  9 endoplasms
  4 giant cockroaches
  6 goblins
  5 hobgoblins
  4 quokkas
  5 ball pythons
  2 frilled lizards (D:1)
  6 kobolds
  5 rats
82 creatures vanquished.

Vanquished Creatures (others)
  A goblin (D:4)
  A fungus (D:5)
2 creatures vanquished.

Grand Total: 84 creatures vanquished

Notes
Turn   | Place    | Note
-------+----------+-------------------------------------------
     0 | D:1      | mcbry74 the Troll Berserker began the quest for the Orb.
     0 | D:1      | Reached XP level 1. HP: 22/22 MP: 0/0
    48 | D:1      | Reached skill level 3 in Maces & Flails
    88 | D:1      | Reached XP level 2. HP: 17/29 MP: 1/1
   760 | D:2      | Reached XP level 3. HP: 36/36 MP: 2/2
   873 | D:2      | Reached skill level 4 in Maces & Flails
   943 | D:2      | Reached ** piety under Trog
  1114 | D:2      | Reached XP level 4. HP: 44/44 MP: 3/3
  1523 | D:3      | Noticed a bullfrog
  1532 | D:3      | Killed a bullfrog
  1533 | D:3      | Reached skill level 5 in Maces & Flails
  1533 | D:3      | Reached XP level 5. HP: 46/50 MP: 4/4
  1994 | D:4      | Found a white marble altar of Elyvilon.
  2082 | D:4      | Reached skill level 6 in Maces & Flails
  2106 | D:4      | Found a staircase to the Ecumenical Temple.
  2127 | D:4      | Reached XP level 6. HP: 49/59 MP: 5/5
  2159 | D:4      | Identified the +0 scale mail of the Ego {rC+}
  2461 | D:4      | Noticed an ice beast
  2481 | D:4      | Killed an ice beast
  2482 | D:4      | Reached skill level 7 in Maces & Flails
  2594 | D:4      | Reached XP level 7. HP: 65/66 MP: 6/6
  2673 | D:4      | Noticed a steam dragon
  2699 | D:4      | Killed a steam dragon
  2700 | D:4      | Reached skill level 8 in Maces & Flails
  2926 | D:5      | Entered Level 5 of the Dungeon
  2953 | D:5      | Noticed Eustachio
  2978 | D:5      | Killed Eustachio
  3104 | D:5      | Reached *** piety under Trog
  3108 | D:5      | Noticed a steam dragon
  3122 | D:5      | Noticed a steam dragon
  3140 | D:5      | Killed a steam dragon
  3141 | D:5      | Reached skill level 9 in Maces & Flails
  3141 | D:5      | Reached XP level 8. HP: 7/74 MP: 7/7
  3141 | D:5      | HP: 2/111 [steam dragon (6)]
  3144 | D:5      | Engulfed by a steam dragon's steam

Illustrated notes

Levels and vault maps discovered:
D:1:      scummos_arrival_forest, layout_basic, minmay_hedge_maze
D:2:      layout_basic, serial_forest, infiniplex_forest_clump_tiny,
          infiniplex_forest_straight_5, infiniplex_forest_lined_room_2,
          infiniplex_forest_straight_2, infiniplex_forest_clump_diagonal,
          infiniplex_forest_lined_2, infiniplex_forest_clump_small,
          infiniplex_forest_clump_tiny, kennysheep_cluttered_room, minmay_cupped
D:3:      layout_basic
D:4:      layout_loops_ring, mainiacjoe_overflow_brackets,
          minmay_temple_entry_ruins, minmay_bent
D:5:      kennysheep_steamy, layout_cave_pools, uniq_eustachio

Skill      XL: |  1  2  3  4  5  6  7 |
---------------+----------------------+-----
Maces & Flails | 3 4 5 6 7 9 |  9.2
Fighting       | |  2.4
Dodging        | |  2.4

Action                   |  1- 3 |  4- 6 |  7- 9 || total
-------------------------+-------+-------+-------++-------
Melee: Mace              |   105 |   157 |    81 ||   343
Throw: Large rock        |       |     2 |       ||     2
Invok: Berserk           |       |       |     3 ||     3
 Stab: Sleeping          |       |     1 |     1 ||     2
Armor: Animal skin       |    44 |    17 |    18 ||    79
Dodge: Dodged            |    56 |    70 |    98 ||   224
Block: Other             |    17 |    28 |    27 ||    72
       Reflection        |     2 |       |       ||     2
